 Dungeon Crawl Stone Soup version 0.27.1-34-g3ba077fa99 (webtiles) character file.

Game seed: 14646583953495965242

160 zeram the Skirmisher (level 5, -21/47 HPs)
             Began as a Hill Orc Fighter on Jan 22, 2022.
             Blown up by Ijyb (26 damage)
             ... with a mindburst bolt
             ... on level 3 of the Dungeon.
             The game lasted 00:02:48 (2124 turns).

zeram the Skirmisher (Hill Orc Fighter)             Turns: 2124, Time: 00:02:48

Health: -21/47     AC: 11    Str: 20    XL:     5   Next: 41%
Magic:  5/5        EV:  8    Int:  8    God:
Gold:   129        SH: 14    Dex: 10    Spells: 4/4 levels left

rFire    . . .     SeeInvis .   a - +0 war axe
rCold    . . .     Faith    .   c - +0 kite shield
rNeg     . . .     Spirit   .   b - +0 scale mail
rPois    .         Reflect  +   (no helmet)
rElec    .         Harm     .   (no cloak)
rCorr    .         Rampage  .   (no gloves)
Will     .....                  (no boots)
Stlth    ..........             e - amulet of reflection
HPRegen  0.15/turn              f - +4 ring of protection
MPRegen  0.09/turn              (no ring)

@: mighty
A: no striking features
a: no special abilities


You were on level 3 of the Dungeon.
You visited 1 branch of the dungeon, and saw 3 of its levels.

You collected 129 gold pieces.

Inventory:

Hand Weapons
 a - a +0 war axe (weapon)
Armour
 b - a +0 scale mail (worn)
 c - a +0 kite shield (worn)
Jewellery
 e - an amulet of reflection (around neck)
 f - a +4 ring of protection (left hand)
Scrolls
 j - a scroll of teleportation
Potions
 d - a potion of might
 g - a potion of heal wounds {unknown}
 h - a potion of berserk rage {unknown}
 i - a potion of magic {unknown}


   Skills:
 + Level 4.9 Fighting
 - Level 2.6 Axes
 + Level 4.2 Armour
 + Level 1.0 Dodging
 + Level 4.7 Shields


You had 4 spell levels left.
You didn't know any spells.
Your spell library contained the following spells:

 Spells                   Type           Power      Damage    Failure   Level
 Static Discharge         Conj/Air       0%         N/A       100%        2
 Lightning Bolt           Conj/Air       0%         1d11      100%        5
 Maxwell's Capacitive Co  Air            0%         ∞         100%        8


Dungeon Overview and Level Annotations

Branches:
Dungeon (3/15)

Altars:

Shops:
D:2 =

Annotations:
D:3 Ijyb


Message History

There is an open door here.
Ijyb hits you but does no damage.
You closely miss Ijyb.
Ijyb zaps a wand.
You barely resist.
Ijyb zaps a wand.
Your mind is blasted!
You hit Ijyb.
Ijyb is lightly wounded.
Ijyb hits you with a +0 club. Ijyb barely misses you.
You hit Ijyb but do no damage.
Ijyb is lightly wounded.
You block Ijyb's attack.
You hit Ijyb.
Ijyb is moderately wounded.
Ijyb hits you but does no damage.
Ijyb zaps a wand.
You barely resist. You hit Ijyb.
Ijyb is heavily wounded.
Ijyb hits you but does no damage.
You closely miss Ijyb.
Ijyb is heavily wounded.
You block Ijyb's attack.
Ijyb zaps a wand.
Your mind is blasted!
You hit Ijyb but do no damage.
Ijyb is heavily wounded.
You block Ijyb's attack.
You closely miss Ijyb.
Ijyb is heavily wounded.
You block Ijyb's attack. Ijyb hits you but does no damage.
You hit Ijyb.
Ijyb is severely wounded.
Ijyb zaps a wand.
Your mind is blasted!
Ouch! That really hurt!
* * * LOW HITPOINT WARNING * * *
Ijyb completely misses you.
Unknown command.
You barely miss Ijyb.
Ijyb is severely wounded.
Ijyb hits you with a +0 club.
* * * LOW HITPOINT WARNING * * *
You feel very mighty all of a sudden.
Ijyb zaps a wand.
Your mind is blasted!
Ouch! That really hurt!
You die...

##########
#..<.....#
#.######.#
#.#
########.#
.........#
.#######'##
#...@.#
#...g.#
#.....+
#.....#
#.....#
+.....#
#.....#
......#


You could see Ijyb.

Vanquished Creatures
  A scorpion (D:2)
  Terence (D:2)
  2 adders (D:2)
  2 worms (D:2)
  2 dart slugs (D:2)
  3 ball pythons
  6 endoplasms
  3 giant cockroaches (D:1)
  6 goblins
  3 hobgoblins
  4 jackals (D:1)
  4 kobolds
  2 quokkas
  2 bats (D:1)
  2 frilled lizards (D:1)
  4 rats (D:1)
47 creatures vanquished.

Notes
Turn   | Place    | Note
-------+----------+-------------------------------------------
     0 | D:1      | zeram the Hill Orc Fighter began the quest for the Orb.
     0 | D:1      | Reached XP level 1. HP: 19/19 MP: 1/1
    92 | D:1      | Reached XP level 2. HP: 13/27 MP: 2/2
   669 | D:1      | Reached XP level 3. HP: 27/33 MP: 3/3
  1173 | D:2      | Noticed Terence
  1189 | D:2      | Killed Terence
  1190 | D:2      | Reached XP level 4. HP: 16/41 MP: 4/4
  1500 | D:2      | Found Hunlocw's Jewellery Shoppe.
  1759 | D:2      | Noticed a scorpion
  1775 | D:2      | Killed a scorpion
  1776 | D:2      | Reached skill level 1 in Dodging
  1776 | D:2      | Reached XP level 5. HP: 33/47 MP: 5/5
  2111 | D:3      | Noticed Ijyb
  2124 | D:3      | Blown up by Ijyb

Illustrated notes

Levels and vault maps discovered:
D:1:      roderic_crossed_star, layout_basic
D:2:      layout_loops_cross, serial_shops,
          nicolae_shop_temple_entry_statues_fountains, chequers_avenue,
          uniq_terence
D:3:      layout_basic, mainiacjoe_overflow_small_starburst, uniq_ijyb,
          uniq_sigmund, uniq_grinder

Skill      XL: |  1  2  3  4 |
---------------+-------------+-----
Fighting       | 4 |  4.9
Shields        | 4 |  4.7
Armour         | 4 |  4.2
Dodging        | 1 |  1.0
Axes           | |  2.6

Action                   |  1- 3 |  4- 6 || total
-------------------------+-------+-------++-------
Melee: War axe           |    92 |    85 ||   177
  Use: Scroll            |     2 |     1 ||     3
       Potion            |       |     1 ||     1
Armor: Scale mail        |    39 |    27 ||    66
Dodge: Dodged            |    37 |    30 ||    67
Block: Kite shield       |    56 |    62 ||   118
